 Dungeon Crawl Stone Soup version 0.27.1-33-g824d729ab1 (webtiles) character file.

Game seed: 7450669147296025089

158 belegose the Ducker (level 5, -1/40 HPs)
             Began as a Djinni Gladiator on Dec 12, 2021.
             Killed by divine providence
             ... invoked by an orc priest
              (15 damage)
             ... on level 3 of the Dungeon.
             The game lasted 00:05:58 (3552 turns).

belegose the Ducker (Djinni Gladiator)              Turns: 3552, Time: 00:06:00

Health: -1/40      AC:  5    Str: 13    XL:     5   Next: 66%
Gold:   119        EV: 13    Int: 10    God:
                   SH:  0    Dex: 15

rFire    + + .     SeeInvis .   a - +0 long sword
rCold    x . .     Faith    .   (no shield)
rNeg     . . .     Spirit   .   b - +0 leather armour
rPois    ∞         Reflect  .   p - +0 helmet
rElec    .         Harm     .   (no cloak)
rCorr    .         Rampage  .   m - +0 pair of gloves
Will     .....                  (boots unavailable)
Stlth    +.........             (no amulet)
HPRegen  0.13/turn              (no ring)
MPRegen  0.00/turn              (no ring)

@: flying
A: sickness immunity, fire resistance 2, cold vulnerability 1, float, innate
caster, hp casting, extra vitality 1
a: no special abilities


You were on level 3 of the Dungeon.
You visited 1 branch of the dungeon, and saw 3 of its levels.

You collected 119 gold pieces.

Inventory:

Hand Weapons
 a - a +0 long sword (weapon)
 v - a +2 mace of holy wrath
Missiles
 d - 3 throwing nets (quivered)
 i - 84 stones
Armour
 b - a +0 leather armour (worn)
 c - a +0 helmet
 m - a +0 pair of gloves (worn)
 p - a +0 helmet (worn)
Magical Staves
 k - a staff of air
Jewellery
 j - a +6 ring of dexterity
Wands
 x - a wand of acid (12)
Scrolls
 e - 2 scrolls of amnesia {unknown}
 g - a scroll of teleportation {unknown}
 h - a scroll of identify {unknown}
 o - a scroll of fear {unknown}
 q - a scroll of magic mapping {unknown}
 s - a scroll of vulnerability {unknown}
 w - 3 scrolls of enchant weapon {unknown}
Potions
 f - a potion of heal wounds {unknown}
 l - a potion of resistance {unknown}
 n - 2 potions of degeneration {unknown}
 r - a potion of flight {unknown}
 t - a potion of berserk rage {unknown}
 u - 2 potions of curing {unknown}


   Skills:
 + Level 3.0 Fighting
 + Level 3.3 Long Blades
 + Level 2.3 Throwing
 - Level 4.1 Dodging
 + Level 1.3 Spellcasting
 + Level 0.2 Evocations


You had 3 spell levels left.
You knew the following spells:

 Your Spells              Type           Power      Damage    Failure   Level
a - Animate Skeleton      Necr           6%         N/A       24%         1
b - Passwall              Tmut/Erth      2%         N/A       36%         2
Your spell library was empty.

Dungeon Overview and Level Annotations

Branches:
Dungeon (3/15)

Altars:
Fedhas
Zin

Annotations:
D:2 1 runed translucent door, exclusion: door, Crazy Yiuf


Innate Abilities, Weirdness & Mutations

You are immune to sickness and miasma.
You are immune to poison.
Your flesh is very heat resistant. (rF++)
You are vulnerable to cold. (rC-)
You float through the air rather than walking.
You learn spells naturally, not from books.
Your magical power is your life essence.
You have superior vitality. (+4 HP)


Message History

The hobgoblin hits you.
You hit the hobgoblin.
You kill the hobgoblin!
You see here a hobgoblin corpse.
An orc is nearby!
The orc priest shouts!
The orc shouts!
The orc priest invokes the aid of Beogh against you.
Pain shoots through your body! The orc barely misses you.
The orc shouts!
The orc priest hits you with a +0 whip.
You hit the orc priest.
The orc priest is lightly wounded.
The orc hits you with a +0 short sword.
The orc priest hits you but does no damage.
The orc closely misses you.
You barely miss the orc priest.
The orc priest is lightly wounded.
The orc hits you with a +0 short sword. The orc priest barely misses you.
The orc closely misses you. x2; The orc priest hits you with a +0 whip.
You barely miss the orc priest.
The orc priest is lightly wounded.
The orc closely misses you. The orc barely misses you.
You riposte.
You hit the orc but do no damage.
The orc priest hits you but does no damage.
You hit the orc priest.
The orc priest is heavily wounded.
The orc hits you with a +0 hand axe. The orc closely misses you.
The orc priest barely misses you. The orc closely misses you.
You hit the orc priest but do no damage.
The orc priest is heavily wounded.
The orc closely misses you.
You riposte.
You hit the orc.
The orc is moderately wounded.
The orc priest hits you with a +0 whip. The orc misses you.
You hit the orc priest.
The orc priest is severely wounded.
The orc closely misses you. The orc priest barely misses you.
The orc barely misses you.
The orc priest invokes the aid of Beogh against you.
Beogh smites you!
You die...

.)................†............'.
.............##.####..###..#####.
....##.#.#.####.#####.###..# #.
....##.#................#..# ##
....##.#.....##.######..#..#
..#....#.....##.........#..#
####..##.....##########.#..#
#''##....†....o.#.......#
#..8#.......o@o.#.###...#
#__##.#...###.#.#.###...#
#⌠⌠##.#...# #...........#
#####.#...# #.###.####..# ......
#.# # #..# #### ######.
#.###+####..# ....
.##.......##..# ####
..........##..# #.......+...#


You could see an orc priest and 2 orcs.

Vanquished Creatures
  Robin (D:2)
  7 adders
  A worm (D:3)
  A dart slug (D:2)
  An orc (D:2)
  4 ball pythons
  9 bats
  6 endoplasms
  2 giant cockroaches
  7 hobgoblins
  4 jackals (D:3)
  5 kobolds
  2 quokkas (D:1)
  2 frilled lizards (D:2)
  13 goblins
  6 rats
71 creatures vanquished.

Vanquished Creatures (others)
  A kobold (D:2)
  A withered plant (D:2)
2 creatures vanquished.

Grand Total: 73 creatures vanquished

Notes
Turn   | Place    | Note
-------+----------+-------------------------------------------
     0 | D:1      | belegose the Djinni Gladiator began the quest for the Orb.
     0 | D:1      | Reached XP level 1. HP: 18/18 MP: 0/0
   225 | D:1      | Reached XP level 2. HP: 22/23 MP: 0/0
   808 | D:1      | Reached XP level 3. HP: 27/28 MP: 0/0
   808 | D:1      | Learned a level 1 spell: Animate Skeleton
  1555 | D:2      | Found a faded altar of an unknown god.
  1577 | D:2      | Reached XP level 4. HP: 25/34 MP: 0/0
  1774 | D:2      | Noticed Robin
  1859 | D:2      | Reached skill level 1 in Spellcasting
  1981 | D:2      | Killed Robin
  2193 | D:2      | Reached XP level 5. HP: 39/40 MP: 0/0
  2193 | D:2      | Learned a level 2 spell: Passwall
  2579 | D:2      | Found a runed translucent door.
  2580 | D:2      | Noticed Crazy Yiuf
  2701 | D:2      | Reached skill level 4 in Dodging
  3511 | D:3      | Found a blossoming altar of Fedhas.
  3511 | D:3      | Found a glowing silver altar of Zin.
  3552 | D:3      | Killed from afar by an orc priest

Illustrated notes

Levels and vault maps discovered:
D:1:      dpeg_arrival_concentric_ovals, layout_basic
D:2:      mumra_celtic_spiral_tile, layout_basic,
          ebering_ecumenical_altar_petrified, ebering_dispersal_statue_hall,
          lemuel_another_geyser, uniq_crazy_yiuf_cottage, uniq_robin
D:3:      layout_basic, gammafunk_temple_overflow_wave,
          nicolae_overflow_hidden_temple, gammafunk_ghost_necromancy

Skill      XL: |  1  2  3  4  5 |
---------------+----------------+-----
Long Blades    | 3 |  3.3
Throwing       | 2 |  2.3
Spellcasting   | 1 |  1.3
Dodging        | 4 |  4.1
Fighting       | 3 |  3.0
Evocations     | |  0.2

Action                   |  1- 3 |  4- 6 || total
-------------------------+-------+-------++-------
Melee: Long sword        |   106 |   116 ||   222
 Stab: Sleeping          |     2 |     1 ||     3
Armor: Leather armour    |    39 |    30 ||    69
Dodge: Dodged            |    77 |   100 ||   177
       Rpst.: Long sword |    26 |    33 ||    59
